 Dungeon Crawl Stone Soup version 0.30.0-11-gf55b779eaf (webtiles) character file.

Game seed: 8370222335748852521

5408 cdecastro the Basher (level 10, -3/73 HPs)
             Began as a Demonspawn Reaver on May 15, 2023.
             Was an Elder of Okawaru.
             Slain by Amaemon
             ... wielding a +1 demon whip of venom
              (4 damage)
             ... on level 7 of the Dungeon on May 16, 2023.
             The game lasted 00:34:03 (11680 turns).

cdecastro the Basher (Demonspawn Reaver)           Turns: 11680, Time: 00:34:04

Health: -3/73      AC:  7    Str: 13    XL:     10   Next: 40%
Magic:  0/22       EV: 10    Int: 23    God:    Okawaru [****..]
Gold:   405        SH:  0    Dex: 13    Spells: 2/13 levels left

rFire   . . .        i - +2 whip (elec)
rCold   . . .        (no shield)
rNeg    . . .        D - +0 ring mail
rPois   .            (no helmet)
rElec   .            O - +0 cloak
rCorr   .            x - +0 pair of gloves
SInv    .            (no boots)
Will    .....        g - amulet of guardian spirit
Stlth   +            a - ring of magical power
HPRegen 0.32/turn    o - +6 ring of intelligence
MPRegen 0.18/turn

%: guardian spirit
@: lethally poisoned (-3 -> -12), about to teleport
A: powered by death 2, spiny 1, weakness stinger 2
a: Renounce Religion, Heroism, Finesse


You were on level 7 of the Dungeon.
You worshipped Okawaru.
Okawaru was greatly pleased with you.
You visited 2 branches of the dungeon, and saw 10 of its levels.
You also visited: Ossuary.

You collected 405 gold pieces.

Inventory:

Hand Weapons
 i - a +2 whip of electrocution (weapon)
 l - the +1 hammer "Semuokli" {flame, Dex+3}
   (You found it on level 2 of the Dungeon)

   Dex:       It affects your dexterity (+3).
 m - a +0 hammer of venom
 n - a +1 whip of pain
Missiles
 q - a throwing net
 y - 10 boomerangs
 z - 8 poisoned darts
 Q - 4 javelins
Armour
 x - a +0 pair of gloves (worn)
 D - a +0 ring mail (worn)
 O - a +0 cloak (worn)
Jewellery
 a - a ring of magical power (left hand)
 f - an amulet of magic regeneration
 g - an amulet of guardian spirit (around neck)
 j - a ring of magical power
 o - a +6 ring of intelligence (right hand)
 F - a ring of fire
 L - a ring of see invisible
 P - a ring of protection from cold
 R - a ring of positive energy
Wands
 E - a wand of paralysis (4)
 N - a wand of roots (5)
Scrolls
 c - 2 scrolls of teleportation
 d - 3 scrolls of blinking {unknown}
 h - 4 scrolls of poison {unknown}
 k - a scroll of enchant weapon {unknown}
 p - 2 scrolls of noise {unknown}
 s - 2 scrolls of enchant armour {unknown}
 t - 3 scrolls of torment {unknown}
 C - 2 scrolls of immolation {unknown}
 G - 2 scrolls of magic mapping {unknown}
 J - 2 scrolls of amnesia {unknown}
 K - a scroll of fear {unknown}
 M - a scroll of acquirement {unknown}
Potions
 e - 2 potions of invisibility
 r - 3 potions of mutation
 u - 2 potions of haste
 v - 2 potions of berserk rage
 w - 2 potions of resistance
 A - 4 potions of brilliance {unknown}
 B - 2 potions of cancellation
 H - 2 potions of attraction
 I - a potion of ambrosia


   Skills:
 + Level 4.6 Fighting
 - Level 12.0 Maces & Flails
 - Level 2.9 Polearms
 - Level 1.7 Dodging
 - Level 2.0 Spellcasting
 - Level 3.0 Conjurations
 - Level 3.0 Necromancy
 - Level 5.2 Translocations
 - Level 3.0 Invocations


You had 2 spell levels left.
You knew the following spells:

 Your Spells              Type           Power      Damage    Failure   Level
a - Kiss of Death         Conj/Necr      64%        2d10      9%          1
b - Momentum Strike       Conj/Tloc      42%        3d9       8%          2
c - Lesser Beckoning      Tloc           52%        N/A       4%          2
d - Gell's Gravitas       Tloc           26%        N/A       10%         3
e - Teleport Other        Tloc           26%        N/A       10%         3

Your spell library contained the following spells:

 Spells                   Type           Power      Damage    Failure   Level
 Blink                    Tloc           52%        N/A       4%          2
 Scorch                   Fire           4%         2d5       38%         2
 Manifold Assault         Tloc           26%        N/A       32%         4
 Hailstorm                Conj/Ice       9%         3d4       41%         3
 Flame Wave               Conj/Fire      9%         2d6       83%         4
 Storm Form               Tmut/Air       1%         N/A       100%        7
 Summon Cactus Giant      Summ           Unusable   N/A       N/A         6

Dungeon Overview and Level Annotations

Branches:
Dungeon (9/15)             Temple (1/1) D:7            Lair (0/5) D:9
Ossuary (visited)
    Orc: D:9-12

Altars:
Ashenzari
Cheibriados
Dithmenos
Fedhas
Gozag
Hepliaklqana
Kikubaaqudgha
Makhleb
Nemelex Xobeh
Okawaru
Ru
Sif Muna
Trog
Uskayaw
Yredelemnul

Shops:
D:2 :   D:3 [   D:5 *

Annotations:
D:6 vault need dig
D:7 Amaemon


Innate Abilities, Weirdness & Mutations

You regenerate health from kills.
You are partially covered in sharp spines.
You have a tail ending in a sharp stinger.


Message History

Press: ? - help, Shift-Dir - straight line, f/p - Amaemon
Aim: Amaemon, wielding a +1 demon whip of venom and carrying a wand of paralysis (7) (lightly wounded, chance to affect: 17%) Amaemon resists with almost no effort.
You feel very sick.
Amaemon zaps a wand.
You easily resist.
You feel very sick.
Amaemon zaps a wand.
You suddenly lose the ability to move!
You stop ascending the stairs.
You feel very sick. Amaemon is struck by your spines.
Amaemon hits you with a +1 demon whip of venom!
* * * LOW HITPOINT WARNING * * *
You are more poisoned.
Amaemon claws you!
* * * LOW HITPOINT WARNING * * *
Amaemon tail-slaps you but does no damage.
You can move again.
Unknown command.
Unknown command.
* * * LOW HITPOINT WARNING * * *
You feel very sick. The sky beast is struck by your spines.
The sky beast closely misses you. Amaemon is struck by your spines.
Amaemon hits you with a +1 demon whip of venom!
* * * LOW HITPOINT WARNING * * *
Amaemon closely misses you. Amaemon tail-slaps you.
* * * LOW HITPOINT WARNING * * *
You climb upwards.
* * * LOW HITPOINT WARNING * * *
You feel very sick.
There is a stone staircase leading down here.
Unknown command.
Unknown command.
As you read the scroll of teleportation, it crumbles to dust.
You feel strangely unstable.
* * * LOW HITPOINT WARNING * * *
You feel very sick.
Something foul drips from Amaemon's claws.
Amaemon hits you with a +1 demon whip of venom!
You die...

#.# #.# #.# ################ #.#
#......##....... ####.#
#.####.##.#####.
..##)#############.# #.##.# #.
#.##[#.............# #....# #†
#.##)#.################.#### #.
....)...........@Y.......# #.
#.#....#########6.......########.
#..............................#.
################..############.#.
.........# #....#.........#.#.
.#######.### #....#.#######.#.#.
...........# #....#.#.....#.#.#.
.....###.#.####....#.#.###.#.#.#.
.......#.#.........#.#.##....#.#.


You could see Amaemon and a sky beast.

Vanquished Creatures
  A centaur warrior (D:8)
  A shadow (D:6)
  A yak (D:8)
  3 steam dragons
  3 water moccasins
  Duvessa (D:6)
  3 black bears
  2 orc warriors
  2 ice beasts
  A sky beast (D:8)
  2 hornet zombies (Ossuary)
  An ogre (D:4)
  2 centaurs (D:9)
  A phantom (D:4)
  6 scorpions
  2 bullfrogs (D:7)
  A wyvern zombie (Ossuary)
  2 water moccasin zombies (Ossuary)
  Dowan (D:6)
  2 killer bees
  A howler monkey (D:9)
  7 centaur zombies
  6 bullfrog zombies (Ossuary)
  Crazy Yiuf (D:2)
  6 hounds
  3 jellies
  2 gnoll boudas (D:4)
  3 iguanas
  A sleepcap (D:3)
  2 killer bee zombies (Ossuary)
  9 orc wizards
  10 mummies (Ossuary)
  18 gnolls
  A howler monkey zombie (D:7)
  11 adders
  2 white imps
  3 worms
  2 dart slugs
  23 orcs
  7 ball pythons
  4 endoplasms
  3 giant cockroaches
  9 goblins
  6 hobgoblins
  10 jackals
  4 quokkas
  4 bats
  2 frilled lizards
  4 kobolds
  4 rats
  A spectral kobold (D:3)
207 creatures vanquished.

Notes
Turn   | Place    | Note
-------+----------+-------------------------------------------
     0 | D:1      | cdecastro the Demonspawn Reaver began the quest for the
                  | Orb.
     0 | D:1      | Reached XP level 1. HP: 16/16 MP: 3/3
    68 | D:1      | Reached skill level 1 in Necromancy
   127 | D:1      | Gained mutation: You have a small tail. [demonic ancestry]
   127 | D:1      | Reached XP level 2. HP: 17/22 MP: 5/5
  1023 | D:2      | Reached XP level 3. HP: 13/27 MP: 6/6
  1191 | D:2      | Found Epohuhech's Vocational Training.
  1822 | D:2      | Found a runed translucent door.
  1822 | D:2      | Identified the +1 hammer "Semuokli" {flame, Dex+3}
  1829 | D:2      | Noticed Crazy Yiuf
  1832 | D:2      | Upgraded the game from 0.30.0-10-gfe55d96785 to
                  | 0.30.0-11-gf55b779eaf
  1862 | D:3      | Found a blossoming altar of Fedhas.
  2005 | D:3      | Reached skill level 1 in Maces & Flails
  2115 | D:3      | Found Oqimif's Antique Armour Boutique.
  2150 | D:3      | Learned a level 2 spell: Momentum Strike
  2287 | D:2      | Gained mutation: You regenerate a little health from kills.
                  | [demonic ancestry]
  2287 | D:2      | Reached XP level 4. HP: 27/33 MP: 7/7
  2362 | D:3      | Reached skill level 2 in Maces & Flails
  2478 | D:3      | Found a shadowy altar of Dithmenos.
  2536 | D:3      | Found a faded altar of an unknown god.
  2975 | D:4      | Reached skill level 3 in Maces & Flails
  2975 | D:4      | Reached XP level 5. HP: 34/38 MP: 8/8
  3057 | D:3      | Reached skill level 4 in Maces & Flails
  3149 | D:4      | Gained mutation: You regenerate health from kills. [demonic
                  | ancestry]
  3149 | D:4      | Reached XP level 6. HP: 41/44 MP: 9/9
  3457 | D:4      | Reached skill level 5 in Maces & Flails
  3721 | D:4      | Reached skill level 6 in Maces & Flails
  3721 | D:4      | Gained mutation: You have a tail ending in a sharp stinger.
                  | [demonic ancestry]
  3721 | D:4      | Reached XP level 7. HP: 42/48 MP: 10/10
  4313 | D:4      | Found an iron altar of Okawaru.
  4515 | D:4      | Became a worshipper of Warmaster Okawaru
  5148 | D:5      | Entered Level 5 of the Dungeon
  5183 | D:5      | Reached skill level 7 in Maces & Flails
  5807 | D:5      | Reached XP level 8. HP: 27/56 MP: 11/11
  6112 | D:5      | Reached * piety under Okawaru
  6113 | D:5      | Reached skill level 8 in Maces & Flails
  6113 | D:5      | Reached skill level 1 in Translocations
  6187 | D:5      | Found Wosoegir's Whimsical Warehouse.
  6744 | D:6      | Found a sand-covered staircase.
  6756 | Ossuary  | Entered an ossuary
  7009 | Ossuary  | Reached skill level 5 in Translocations
  7034 | Ossuary  | Learned a level 2 spell: Lesser Beckoning
  7038 | Ossuary  | Learned a level 3 spell: Gell's Gravitas
  7042 | Ossuary  | Learned a level 3 spell: Teleport Other
  7055 | Ossuary  | Reached ** piety under Okawaru
  7274 | Ossuary  | Reached XP level 9. HP: 59/61 MP: 12/12
  7344 | Ossuary  | Reached skill level 9 in Maces & Flails
  7926 | D:6      | Noticed Dowan
  7956 | D:6      | Noticed Duvessa
  7974 | D:6      | Killed Duvessa
  7993 | D:6      | Killed Dowan
  7994 | D:6      | Reached skill level 10 in Maces & Flails
  8141 | D:6      | Reached skill level 1 in Invocations
  8346 | D:6      | Found a hazy altar of Hepliaklqana.
  8600 | D:2      | Killed Crazy Yiuf
  8600 | D:2      | Reached *** piety under Okawaru
  8752 | D:7      | Found a snail-covered altar of Cheibriados.
  9005 | D:7      | Found a staircase to the Ecumenical Temple.
  9108 | Temple   | Entered the Ecumenical Temple
  9108 | Temple   | Found a transporter.
  9108 | Temple   | Found a transporter.
  9110 | Temple   | Found a transporter.
  9110 | Temple   | Found a transporter.
  9149 | D:7      | Found an opulent altar of Gozag.
  9227 | D:7      | HP: 1/61 [steam dragon/ball of steam (7)]
  9234 | D:7      | Reached skill level 11 in Maces & Flails
  9536 | D:7      | Identified the +3 spear "Hownouffa" {pain, rPois rC- Will++
                  | rCorr}
  9973 | D:7      | Found a basalt altar of Yredelemnul.
 10355 | D:8      | Noticed an orange demon
 10355 | D:8      | Noticed Amaemon
 10414 | D:7      | Gained mutation: You are partially covered in sharp spines.
                  | [demonic ancestry]
 10414 | D:7      | Reached XP level 10. HP: 39/67 MP: 11/13
 10741 | D:9      | Found a staircase to the Lair.
 10772 | D:9      | Noticed a centaur warrior
 11225 | D:8      | Killed a centaur warrior
 11225 | D:8      | Reached **** piety under Okawaru
 11226 | D:8      | Reached skill level 12 in Maces & Flails
 11676 | D:8      | Paralysed by Amaemon for 2 turns
 11680 | D:7      | HP: 1/73 [poisoned by Amaemon]
 11680 | D:7      | Slain by Amaemon

Illustrated notes

Levels and vault maps discovered:
D:1:      minmay_arrival_checkered_box, layout_basic
D:2:      layout_loops_ring, basic_altar, nicolae_shop_vocational,
          uniq_crazy_yiuf_cottage
D:3:      layout_basic, nicolae_dithmenos_through_a_glass_darkly,
          fedhas_altar_3, dreamdust_ecumenical_altar_drowned_temple,
          serial_shops, shop, chequers_serial_rivers_room_a,
          serial_bayou_lagoon_b
D:4:      layout_basic, okawaru_gym_becter
D:5:      layout_loops_corners, nicolae_alphabet_shops,
          nicolae_underground_beach
D:6:      layout_cave_pools, worldfamousw_hep_ancestral_shrine, enter_ossuary_1,
          item_on_display_a, uniq_duvessa
D:7:      layout_basic, lemuel_zombie_altar_yredelemnul,
          mainiacjoe_overflow_catch_the_wave, amcnicky_altar_gilded,
          temple_statues
D:8:      layout_basic, kennysheep_generic_room_16, uniq_amaemon
D:9:      minmay_the_grid_plus [minmay_the_grid_diamond_grid,
          minmay_the_grid_tree, minmay_the_grid_embedded, minmay_the_grid_eight,
          minmay_the_grid_prize_shrinking_boxes], layout_cave_pools,
          nicolae_wu_jian_wuxing_cycle, amcnicky_mini_pool_small,
          reono_crystal_passage
Temple:   hellmonk_temple_divided_pantheon

Skill      XL: |  1  2  3  4  5  6  7  8  9 10 |
---------------+-------------------------------+-----
Necromancy     | 1 2 3 |  3.0
Maces & Flails | 1 3 4 6 7 8 11 12 | 12.0
Translocations | 5 |  5.2
Invocations    | 3 |  3.0
Fighting       | 4 |  4.6
Polearms       | |  2.9
Dodging        | |  1.7
Spellcasting   | |  2.0
Conjurations   | |  3.0

Action                     |  1- 3 |  4- 6 |  7- 9 | 10-12 || total
---------------------------+-------+-------+-------+-------++-------
  Melee: Spear             |   268 |       |       |       ||   268
         Tailslap          |    56 |    14 |   109 |    17 ||   196
         Punch             |     5 |       |     7 |       ||    12
         Mace              |    42 |   123 |   546 |       ||   711
         Whip              |       |       |    68 |    67 ||   135
  Throw: Dart              |       |       |     5 |       ||     5
   Cast: Momentum Strike   |       |     5 |    10 |     1 ||    16
         Kiss of Death     |       |     2 |     1 |       ||     3
         Lesser Beckoning  |       |       |       |     1 ||     1
  Evoke: Wand              |       |       |       |     2 ||     2
    Use: Scroll            |       |       |     9 |     4 ||    13
         Potion            |       |       |     2 |       ||     2
 Armour: Leather armour    |    39 |    26 |    15 |       ||    80
         Ring mail         |       |       |   151 |    38 ||   189
  Dodge: Dodged            |    87 |    93 |   357 |    30 ||   567
